 Dungeon Crawl Stone Soup version 0.17-a0-1880-gacf7e67 (webtiles) character file.

86 glosham the Cutter (level 4, -2/29 HPs)
             Began as a Halfling Summoner on Sept 21, 2015.
             Was a Follower of Makhleb.
             Killed by divine providence
             ... invoked by an orc priest
              (11 damage)
             ... on level 3 of the Dungeon.
             The game lasted 00:36:20 (2139 turns).

glosham the Cutter (Halfling Summoner)              Turns: 2139, Time: 00:36:20

Health: -2/29      AC:  3    Str:  8    XL:     4   Next: 78%
Magic:  1/6        EV: 15    Int: 15    God:    Makhleb [*.....]
Gold:   110        SH:  0    Dex: 14    Spells: 3 memorised, 0 levels left

rFire  . . .     SeeInvis .     x - -1 spear (curse)
rCold  . . .     Clarity  .     X - +1 robe
rNeg   . . .     SustAt   .     (shield restricted)
rPois  .         Gourm    .     (no helmet)
rElec  .         Spirit   .     (no cloak)
rCorr  .         Warding  .     (no gloves)
rMut   .         Stasis   .     (no boots)
MR     .....                    (no amulet)
Stlth  +++.......               (no ring)
                                A - ring of stealth

@: not resistant to hostile enchantments, fairly stealthy
A: mutation resistance 1
a: Renounce Religion


You were on level 3 of the Dungeon.
You worshipped Makhleb.
Makhleb was aware of your devotion.
You were not hungry.

You visited 1 branch of the dungeon, and saw 3 of its levels.

You collected 110 gold pieces.

Inventory:

Hand weapons
 a - a +0 short sword
 b - a +0 spear
 c - a +0 blowgun
 k - a +0 dagger of venom
 u - a +0 hunting sling
 x - a cursed -1 spear (weapon)
Missiles
 f - 48 stones (quivered)
 h - 9 sling bullets
 j - 17 arrows of frost
 m - 44 arrows
 o - 31 bolts
 r - 27 poisoned needles
 v - 16 silver sling bullets
 w - 3 tomahawks
Armour
 X - a +1 robe (worn)
Jewellery
 A - a ring of stealth (left hand)
Potions
 e - a potion of agility {unknown}
 g - a potion of brilliance {unknown}
 l - 2 potions of curing
 q - 2 potions of invisibility
 s - a potion of might {unknown}
 t - a potion of magic {unknown}
 z - a potion of degeneration {unknown}
Books
 p - a book of Callings

   Spells                             Type                      Level
   a - Summon Small Mammal            Summoning                    1
   b - Call Imp                       Summoning                    2
   c - Call Canine Familiar           Summoning                    3
   d - Summon Guardian Golem          Hexes/Summoning              3
   e - Summon Lightning Spire         Summoning/Air                4
   f - Summon Ice Beast               Ice/Summoning                4
Comestibles
 d - 2 bread rations
 i - 4 chunks of flesh
 n - 3 meat rations


   Skills:
 * Level 1.9 Fighting
 - Level 4.2 Short Blades
 - Level 2.1 Dodging
 - Level 2.1 Stealth
 - Level 1.5 Spellcasting
 - Level 3.6 Summonings


You couldn't memorise any spells.
You knew the following spells:

 Your Spells              Type           Power        Failure   Level  Hunger
c - Call Canine Familiar  Summ           ##......     21%         3    ####...
i - Call Imp              Summ           ##......     12%         2    ###....
m - Summon Small Mammal   Summ           ##..         8%          1    ##.....


Dungeon Overview and Level Annotations

Branches:
Dungeon (3/15)

Altars:
Makhleb


Innate Abilities, Weirdness & Mutations

You are small and have problems with some larger weapons.
You are somewhat resistant to further mutation.


Message History

The orc priest hits your crimson imp. The orc priest hits your crimson imp.
Your crimson imp hits the orc priest.
The orc priest calls down the wrath of Beogh upon you.
Something smites you!
Your crimson imp completely misses the orc priest.
Unknown command.
The orc priest completely misses your crimson imp.
Your crimson imp hits the orc priest but does no damage.
The orc priest hits your crimson imp but does no damage.
Your crimson imp barely misses the orc priest.
The orc priest hits your crimson imp.
Your crimson imp barely misses the orc priest.
The orc priest barely misses your crimson imp.
Your crimson imp barely misses the orc priest.
The orc priest hits your crimson imp but does no damage.
Your crimson imp blinks!
The orc priest mumbles some strange prayers to Beogh against you.
Something smites you!
Your shadow imp hits the orc priest but does no damage.
Your crimson imp blinks!
Unknown command.
Casting: Call Imp
Confirm with . or Enter, or press ? or * to list all spells.
A beastly little devil appears in a puff of frigid air.
The orc priest hits your shadow imp but does no damage.
Your shadow imp completely misses the orc priest.
What do you say? t - Shout!
Orders for allies: a - Attack new target. p - Attack previous target. r - Retreat! s - Stop attacking. w - Wait here. f - Follow me.
Anything else - Stay silent.
Gang up on whom?
Press: ? - help, Dir - move target cursor, f/p - orc priest
Aim: an orc priest, wearing a scale mail Attack!
The orc priest misses your shadow imp.
Your shadow imp hits the orc priest.
The orc priest calls down the wrath of Beogh upon you.
Something smites you!
You die...

### ##.######
##....$...
#########..55.#
####....)....@..#
#....#########.##
#.#### #.# #.# #5# #
#.# ##o##.# #.#
##...#.# #.####
##......#### #.##.##
##..........
####.#)..####.........#
.o...


You could see an orc priest, a friendly crimson imp, a friendly white imp and a
friendly shadow imp.

Vanquished Creatures
  An ooze (D:2)
  4 giant cockroaches
  4 hobgoblins
  5 jackals
  3 bats
  3 giant newts
  5 goblins
  3 kobolds
  4 rats
32 creatures vanquished.

Vanquished Creatures (collateral kills)
  5 adders (D:2)
  A worm (D:2)
  2 giant geckos
  4 orcs (D:3)
  A ball python (D:1)
  A bat (D:1)
  A giant cockroach (D:1)
  3 goblins
  5 hobgoblins
  3 kobolds (D:1)
  A giant newt (D:2)
  A quokka (D:2)
  2 rats
30 creatures vanquished.

Grand Total: 62 creatures vanquished

Notes
Turn   | Place    | Note
--------------------------------------------------------------
     0 | D:1      | glosham the Halfling Summoner began the quest for the Orb.
     0 | D:1      | Reached XP level 1. HP: 11/11 MP: 3/3
   155 | D:1      | Reached skill level 1 in Short Blades
   372 | D:1      | Reached skill level 2 in Short Blades
   372 | D:1      | Reached XP level 2. HP: 13/17 MP: 4/4
   376 | D:1      | Learned a level 2 spell: Call Imp
   488 | D:1      | HP: 1/17 [kobold/dagger (3)]
   521 | D:1      | HP: 1/17 [bat (1)]
   528 | D:1      | HP: 1/17 [bat (1)]
   580 | D:1      | Reached skill level 3 in Short Blades
   611 | D:1      | Reached XP level 3. HP: 6/21 MP: 2/5
  1010 | D:2      | Reached skill level 4 in Short Blades
  1134 | D:2      | Reached XP level 4. HP: 27/27 MP: 2/6
  1163 | D:2      | Found a burning altar of Makhleb.
  1173 | D:2      | Became a worshipper of Makhleb the Destroyer
  1502 | D:2      | Reached skill level 1 in Fighting
  1517 | D:2      | Found a faded altar to an unknown god.
  1843 | D:1      | Learned a level 3 spell: Call Canine Familiar
  2102 | D:3      | Acquired Makhleb's first power
  2139 | D:3      | Killed from afar by an orc priest

Vault maps used:
D:1:      lemuel_arrival_behind_the_door_small, serial_forest,
          infiniplex_forest_clump_curved, infiniplex_forest_straight_2,
          infiniplex_forest_end_2, infiniplex_forest_straight_4,
          infiniplex_forest_clump_medium, infiniplex_forest_straight_2,
          infiniplex_forest_end_1, infiniplex_forest_lined_4_way, hex_tiny,
          minmay_ruptured
D:2:      bloody_makhleb, ecumenical_altar_1, st_stairs_6
D:3:      minmay_cut_off, uniq_crazy_yiuf_cottage

Action                   |  1- 3 |  4- 6 || total
-------------------------+-------+-------++-------
Melee: Short sword       |    77 |       ||    77
       Spear             |     9 |    68 ||    77
 Cast: Summon Small Mamm |     3 |       ||     3
       Call Imp          |    11 |    12 ||    23
  Use: Scroll            |     5 |     2 ||     7
 Stab: Sleeping          |     3 |     3 ||     6
  Eat: Chunk             |     2 |     4 ||     6

Table legend:
 A = Turns spent in this place as a percentage of turns spent in the entire game.
 B = Non-inter-level travel turns spent in this place as a percentage of non-inter-level travel turns spent in the entire game.
 C = Inter-level travel turns spent in this place as a percentage of turns spent in this place.
 D = Turns resting spent in this place as a percentage of non-inter-level travel turns spent in this place.
 E = Turns spent auto-exploring this place as a percentage of non-inter-level travel turns spent in this place.
 F = Non-inter-level travel turns spent in this place divided by the number of levels of this place that you've seen.
                   A       B       C       D       E      F
               +-------+-------+-------+-------+-------+----------------------
         Total | 100.0 | 100.0 |   0.1 |   2.6 |   0.2 | 480.3
       Dungeon | 100.0 | 100.0 |   0.1 |   2.6 |   0.2 | 480.3
               +-------+-------+-------+-------+-------+----------------------

Table legend:
 A = Kills in this place as a percentage of kills in entire the game.
 B = Kills by you in this place as a percentage of kills by you in the entire game.
 C = Kills by friends in this place as a percentage of kills by friends in the entire game.
 D = Other kills in this place as a percentage of other kills in the entire game.
 E = Experience gained in this place as a percentage of experience gained in the entire game.
 F = Experience gained in this place divided by the number of levels of this place that you have seen.
                   A       B       C       D       E      F
               +-------+-------+-------+-------+-------+----------------------
         Total | 100.0 | 100.0 | 100.0 |  -nan | 100.0 |  41.3
       Dungeon | 100.0 | 100.0 | 100.0 |  -nan | 100.0 |  41.3
               +-------+-------+-------+-------+-------+----------------------

Vault maps used:
D:1:      lemuel_arrival_behind_the_door_small, serial_forest,
          infiniplex_forest_clump_curved, infiniplex_forest_straight_2,
          infiniplex_forest_end_2, infiniplex_forest_straight_4,
          infiniplex_forest_clump_medium, infiniplex_forest_straight_2,
          infiniplex_forest_end_1, infiniplex_forest_lined_4_way, hex_tiny,
          minmay_ruptured
D:2:      bloody_makhleb, ecumenical_altar_1, st_stairs_6
D:3:      minmay_cut_off, uniq_crazy_yiuf_cottage
